[ AOE2 MATCH · #473361053 ]
UnrankedSicilians vs Franks
Player's team · LOSS
[ REPLAY ANALYSIS · EXTRACTED FROM THE RECORDED GAME ]
Feudal
9:53
Castle
22:35
Imperial
—
| APM avg | 68.9 |
| APM peak | 128 |
| eAPM avg | 23.4 |
| Villagers / military | 114 / 70 |
Focus
⚔️ 26.2% · 🌾 73.8%
Knight ×61 · Scout Cavalry ×9
Feudal
9:29
Castle
22:54
Imperial
38:32
| APM avg | 47.7 |
| APM peak | 82 |
| eAPM avg | 17.2 |
| Villagers / military | 70 / 85 |
Focus
⚔️ 38.6% · 🌾 61.4%
Archer ×84 · Monk ×1
Feudal
9:26
Castle
26:31
Imperial
—
| APM avg | 57.2 |
| APM peak | 113 |
| eAPM avg | 24.9 |
| Villagers / military | 112 / 143 |
Focus
⚔️ 35.3% · 🌾 64.7%
Knight ×102 · Scout Cavalry ×41
Feudal
8:54
Castle
23:40
Imperial
—
| APM avg | 46.8 |
| APM peak | 95 |
| eAPM avg | 20.4 |
| Villagers / military | 100 / 56 |
Focus
⚔️ 29.2% · 🌾 70.8%
Knight ×36 · Scout Cavalry ×14 · Mangonel ×4 · Camel Scout ×2
Feudal
9:14
Castle
27:34
Imperial
—
| APM avg | 48.5 |
| APM peak | 90 |
| eAPM avg | 21.4 |
| Villagers / military | 78 / 99 |
Focus
⚔️ 43.3% · 🌾 56.7%
Archer ×98 · Spearman ×1
Feudal
8:28
Castle
30:17
Imperial
—
| APM avg | 44.4 |
| APM peak | 103 |
| eAPM avg | 15.5 |
| Villagers / military | 66 / 47 |
Focus
⚔️ 26.0% · 🌾 74.0%
Archer ×47
Feudal
9:26
Castle
25:03
Imperial
—
| APM avg | 28.1 |
| APM peak | 56 |
| eAPM avg | 15.8 |
| Villagers / military | 87 / 108 |
Focus
⚔️ 26.8% · 🌾 73.2%
Knight ×74 · Scout Cavalry ×33 · Monk ×1
Feudal
10:16
Castle
25:55
Imperial
—
| APM avg | 53.9 |
| APM peak | 95 |
| eAPM avg | 27.1 |
| Villagers / military | 112 / 142 |
Focus
⚔️ 37.0% · 🌾 63.0%
Archer ×140 · Spearman ×2
Match map
Initial resources + every placement click. Lines = walls · curves = elevation contours. ◆ gold · ⬟ stone · ● berries · ✦ relic · ◌ wall gap
Your base· ✓ Closed at 22:35 · 50t walls · 2 gate(s)
280465815tony's base· Open — unwalled flank
My_Name_Is_Mimmox's base· Open — 1t gap
GdR_ObiWan's base· Open — 1t gap
Monsoon Neutralizer's base· Open — unwalled flank
GdR_Mark_Landers's base· Open — unwalled flank
Chris Becker's base· Open — unwalled flank
ITA | Monesi28's base· Open — 9t gap
Smoothed initial terrain · ◌ = detected wall gap · hover for details
Inputs per minute
— What's bro yappin about? - - 280465815tony
Build order — What's bro yappin about?
First 150 of 286 actions detected
| 0:00 | Create | Villager (Male) |
| 0:01 | Create | Villager (Male) |
| 0:01 | Create | Villager (Male) |
| 0:01 | Create | Villager (Male) |
| 0:02 | Build | House |
| 0:04 | Build | House |
| 1:25 | Create | Villager (Male) |
| 1:25 | Create | Villager (Male) |
| 1:50 | Build | Lumber Camp |
| 2:06 | Create | Villager (Male) |
| 2:07 | Create | Villager (Male) |
| 2:21 | Create | Villager (Male) |
| 2:22 | Create | Villager (Male) |
| 2:48 | Create | Villager (Male) |
| 2:49 | Create | Villager (Male) |
| 3:07 | Create | Villager (Male) |
| 3:07 | Create | Villager (Male) |
| 3:45 | Create | Villager (Male) |
| 3:45 | Create | Villager (Male) |
| 3:50 | Build | House |
| 3:51 | Build | House |
| 4:13 | Create | Villager (Male) |
| 4:13 | Create | Villager (Male) |
| 4:17 | Build | Mill |
| 4:21 | Create | Villager (Male) |
| 4:22 | Create | Villager (Male) |
| 4:42 | Create | Villager (Male) |
| 4:42 | Create | Villager (Male) |
| 5:17 | Create | Villager (Male) |
| 5:17 | Create | Villager (Male) |
| 6:15 | Create | Villager (Male) |
| 6:15 | Create | Villager (Male) |
| 7:13 | Research | Loom |
| 7:18 | Research | Loom |
| 7:21 | Research | Feudal Age |
| 8:12 | Build | Lumber Camp |
| 8:44 | Build | Barracks |
| 9:34 | Create | Villager (Male) |
| 9:34 | Create | Villager (Male) |
| 9:53 | Age | Feudal Age |
| 9:55 | Build | Stable |
| 9:56 | Research | Double-Bit Axe |
| 10:14 | Research | Horse Collar |
| 10:19 | Create | Villager (Male) |
| 10:36 | Create | Scout Cavalry |
| 10:36 | Create | Scout Cavalry |
| 10:44 | Build | House |
| 10:47 | Build | Palisade Wall |
| 10:50 | Build | Palisade Wall |
| 10:54 | Create | Villager (Male) |
| 10:58 | Build | House |
| 11:11 | Build | Farm |
| 11:23 | Build | Farm |
| 11:34 | Create | Scout Cavalry |
| 11:35 | Create | Villager (Male) |
| 11:41 | Build | Palisade Wall |
| 11:49 | Build | Farm |
| 11:50 | Create | Villager (Male) |
| 12:19 | Create | Scout Cavalry |
| 12:27 | Build | Farm |
| 12:28 | Create | Villager (Male) |
| 12:31 | Build | Farm |
| 12:31 | Build | Farm |
| 12:38 | Build | Farm |
| 12:39 | Create | Villager (Male) |
| 13:09 | Create | Villager (Male) |
| 13:14 | Build | House |
| 13:20 | Create | Scout Cavalry |
| 13:36 | Build | Blacksmith |
| 13:40 | Create | Villager (Male) |
| 13:44 | Build | House |
| 13:46 | Build | Palisade Wall |
| 13:51 | Create | Villager (Male) |
| 13:51 | Create | Villager (Male) |
| 14:13 | Create | Villager (Male) |
| 14:13 | Create | Villager (Male) |
| 14:16 | Build | Farm |
| 14:19 | Build | Farm |
| 14:20 | Build | Farm |
| 14:21 | Build | Farm |
| 14:27 | Create | Scout Cavalry |
| 14:37 | Build | Farm |
| 14:41 | Build | Farm |
| 14:56 | Create | Scout Cavalry |
| 15:01 | Create | Villager (Male) |
| 15:02 | Create | Villager (Male) |
| 15:07 | Build | Palisade Gate |
| 15:17 | Build | Farm |
| 15:20 | Create | Villager (Male) |
| 15:32 | Build | Mining Camp |
| 15:38 | Create | Scout Cavalry |
| 16:04 | Research | Wheelbarrow |
| 16:04 | Research | Wheelbarrow |
| 16:27 | Build | Farm |
| 16:30 | Research | Forging |
| 16:47 | Build | House |
| 17:22 | Create | Scout Cavalry |
| 17:24 | Create | Villager (Male) |
| 17:38 | Research | Scale Barding Armor |
| 17:59 | Create | Villager (Male) |
| 18:14 | Build | House |
| 18:34 | Build | House |
| 18:37 | Build | House |
| 18:43 | Create | Villager (Male) |
| 18:44 | Create | Villager (Male) |
| 18:45 | Build | Farm |
| 18:46 | Build | Farm |
| 18:49 | Build | Farm |
| 18:55 | Build | Palisade Wall |
| 19:55 | Research | Castle Age |
| 20:51 | Build | House |
| 20:54 | Build | House |
| 21:23 | Build | Stable |
| 22:20 | Build | Gate |
| 22:35 | Age | Castle Age |
| 22:36 | Create | Knight |
| 22:36 | Create | Knight |
| 22:37 | Create | Knight |
| 22:37 | Create | Knight |
| 22:39 | Create | Villager (Male) |
| 22:39 | Create | Villager (Male) |
| 23:01 | Build | Palisade Gate |
| 23:37 | Build | Gate |
| 24:00 | Create | Knight |
| 24:00 | Create | Knight |
| 24:01 | Create | Knight |
| 24:01 | Create | Knight |
| 24:02 | Create | Villager (Male) |
| 24:02 | Create | Villager (Male) |
| 24:11 | Build | Stone Wall |
| 24:43 | Build | Stone Wall |
| 24:46 | Build | House |
| 24:58 | Build | Stone Wall |
| 25:03 | Create | Knight |
| 25:04 | Create | Knight |
| 25:04 | Create | Knight |
| 25:10 | Create | Villager (Male) |
| 25:12 | Research | Chain Barding Armor |
| 25:12 | Research | Forging |
| 25:59 | Create | Knight |
| 26:00 | Create | Knight |
| 26:00 | Create | Villager (Male) |
| 26:26 | Create | Knight |
| 26:26 | Create | Knight |
| 26:27 | Create | Villager (Male) |
| 26:27 | Create | Villager (Male) |
| 26:28 | Create | Villager (Male) |
| 26:55 | Build | Town Center |
| 26:57 | Create | Villager (Male) |
| 26:59 | Create | Knight |
Build order — 280465815tony
First 150 of 262 actions detected
| 0:03 | Build | House |
| 0:05 | Create | Villager (Male) |
| 0:06 | Create | Villager (Male) |
| 0:06 | Create | Villager (Male) |
| 0:07 | Build | House |
| 0:28 | Create | Villager (Male) |
| 0:28 | Create | Villager (Male) |
| 1:43 | Create | Villager (Male) |
| 1:43 | Create | Villager (Male) |
| 1:54 | Build | Lumber Camp |
| 2:14 | Create | Villager (Male) |
| 2:14 | Create | Villager (Male) |
| 2:34 | Create | Villager (Male) |
| 2:54 | Create | Villager (Male) |
| 3:00 | Build | House |
| 3:11 | Create | Villager (Male) |
| 3:11 | Create | Villager (Male) |
| 3:51 | Create | Villager (Male) |
| 3:51 | Create | Villager (Male) |
| 4:18 | Create | Villager (Male) |
| 4:36 | Create | Villager (Male) |
| 4:37 | Create | Villager (Male) |
| 4:37 | Create | Villager (Male) |
| 5:30 | Create | Villager (Male) |
| 5:51 | Create | Villager (Male) |
| 6:14 | Build | Mining Camp |
| 6:51 | Research | Loom |
| 7:19 | Research | Feudal Age |
| 7:19 | Research | Feudal Age |
| 7:56 | Build | Barracks |
| 8:24 | Build | House |
| 8:54 | Create | Villager (Male) |
| 8:54 | Create | Villager (Male) |
| 9:29 | Age | Feudal Age |
| 9:30 | Build | Archery Range |
| 9:34 | Build | Archery Range |
| 10:04 | Build | Blacksmith |
| 10:12 | Build | House |
| 10:13 | Build | House |
| 10:16 | Create | Villager (Male) |
| 10:40 | Create | Villager (Male) |
| 10:42 | Create | Archer |
| 10:46 | Create | Archer |
| 10:56 | Research | Fletching |
| 11:01 | Build | Mill |
| 11:07 | Create | Villager (Male) |
| 11:07 | Create | Villager (Male) |
| 11:09 | Create | Archer |
| 11:09 | Create | Archer |
| 11:16 | Create | Archer |
| 11:16 | Create | Archer |
| 11:37 | Create | Archer |
| 11:38 | Create | Archer |
| 11:42 | Build | House |
| 11:43 | Build | House |
| 11:44 | Build | House |
| 11:55 | Build | Farm |
| 12:16 | Build | Farm |
| 12:17 | Build | Farm |
| 12:20 | Create | Archer |
| 12:28 | Create | Villager (Male) |
| 12:28 | Create | Villager (Male) |
| 12:32 | Build | Farm |
| 12:58 | Build | Farm |
| 13:20 | Create | Archer |
| 13:20 | Create | Archer |
| 13:43 | Create | Villager (Male) |
| 13:57 | Create | Archer |
| 13:57 | Create | Archer |
| 14:06 | Create | Villager (Male) |
| 14:37 | Create | Villager (Male) |
| 14:38 | Create | Archer |
| 14:39 | Create | Archer |
| 14:39 | Create | Archer |
| 14:47 | Create | Villager (Male) |
| 14:51 | Build | Farm |
| 14:51 | Build | Farm |
| 14:52 | Build | Farm |
| 14:52 | Build | Farm |
| 15:22 | Create | Villager (Male) |
| 15:24 | Create | Archer |
| 15:45 | Create | Archer |
| 15:52 | Build | House |
| 15:54 | Build | House |
| 15:54 | Build | House |
| 15:54 | Build | House |
| 16:23 | Create | Villager (Male) |
| 16:24 | Create | Villager (Male) |
| 16:28 | Create | Archer |
| 16:28 | Create | Archer |
| 16:29 | Create | Archer |
| 16:43 | Build | Farm |
| 16:46 | Build | Farm |
| 16:47 | Build | Farm |
| 16:47 | Build | Farm |
| 16:47 | Build | Farm |
| 16:57 | Build | Lumber Camp |
| 17:17 | Create | Villager (Male) |
| 17:19 | Create | Archer |
| 17:19 | Create | Archer |
| 17:41 | Research | Padded Archer Armor |
| 17:43 | Create | Villager (Male) |
| 17:44 | Create | Villager (Male) |
| 17:58 | Create | Archer |
| 18:01 | Create | Villager (Male) |
| 18:07 | Build | House |
| 18:09 | Build | House |
| 18:10 | Build | House |
| 18:11 | Build | House |
| 18:12 | Build | House |
| 18:13 | Build | House |
| 18:25 | Create | Archer |
| 18:25 | Create | Archer |
| 18:27 | Create | Villager (Male) |
| 18:27 | Create | Villager (Male) |
| 19:09 | Create | Archer |
| 19:10 | Create | Archer |
| 19:13 | Create | Villager (Male) |
| 20:04 | Research | Castle Age |
| 20:05 | Research | Castle Age |
| 20:09 | Create | Archer |
| 20:09 | Create | Archer |
| 20:32 | Build | Lumber Camp |
| 20:37 | Build | Mining Camp |
| 20:38 | Research | Gold Mining |
| 21:31 | Create | Villager (Male) |
| 21:36 | Build | Archery Range |
| 21:45 | Create | Archer |
| 22:13 | Create | Archer |
| 22:13 | Create | Archer |
| 22:34 | Create | Archer |
| 22:35 | Create | Archer |
| 22:54 | Age | Castle Age |
| 22:56 | Research | Crossbowman (upgrade) |
| 22:58 | Research | Bodkin Arrow |
| 23:01 | Create | Villager (Male) |
| 23:05 | Build | University |
| 23:10 | Create | Archer |
| 23:14 | Research | Double-Bit Axe |
| 24:09 | Create | Villager (Male) |
| 24:26 | Create | Archer |
| 24:26 | Create | Archer |
| 24:27 | Create | Archer |
| 24:27 | Create | Archer |
| 24:28 | Create | Villager (Male) |
| 24:28 | Create | Villager (Male) |
| 25:02 | Research | Ballistics |
| 25:09 | Create | Archer |
| 25:09 | Create | Archer |
| 25:10 | Create | Archer |
Build order — My_Name_Is_Mimmox
First 150 of 366 actions detected
| 0:01 | Create | Villager (Male) |
| 0:01 | Create | Villager (Male) |
| 0:02 | Build | House |
| 0:04 | Build | House |
| 0:11 | Create | Villager (Male) |
| 0:11 | Create | Villager (Male) |
| 0:11 | Create | Villager (Male) |
| 1:43 | Create | Villager (Male) |
| 1:43 | Create | Villager (Male) |
| 1:43 | Create | Villager (Male) |
| 1:43 | Create | Villager (Male) |
| 1:58 | Create | Villager (Male) |
| 2:12 | Build | Lumber Camp |
| 2:18 | Create | Villager (Male) |
| 2:18 | Create | Villager (Male) |
| 2:18 | Create | Villager (Male) |
| 2:52 | Create | Villager (Male) |
| 2:52 | Create | Villager (Male) |
| 2:52 | Create | Villager (Male) |
| 2:55 | Create | Villager (Male) |
| 2:55 | Create | Villager (Male) |
| 2:55 | Create | Villager (Male) |
| 2:55 | Create | Villager (Male) |
| 2:56 | Create | Villager (Male) |
| 2:56 | Create | Villager (Male) |
| 2:56 | Create | Villager (Male) |
| 3:37 | Build | House |
| 3:54 | Create | Villager (Male) |
| 4:01 | Create | Villager (Male) |
| 4:17 | Create | Villager (Male) |
| 4:49 | Create | Villager (Male) |
| 5:26 | Build | Mill |
| 5:28 | Create | Villager (Male) |
| 5:46 | Create | Villager (Male) |
| 6:08 | Create | Villager (Male) |
| 6:27 | Research | Loom |
| 7:16 | Research | Feudal Age |
| 8:01 | Create | Villager (Male) |
| 8:19 | Build | Barracks |
| 8:29 | Create | Villager (Male) |
| 8:41 | Build | House |
| 9:26 | Age | Feudal Age |
| 9:28 | Build | Stable |
| 9:33 | Create | Villager (Male) |
| 9:35 | Research | Double-Bit Axe |
| 9:51 | Build | House |
| 9:55 | Build | Palisade Wall |
| 9:59 | Build | Palisade Wall |
| 10:04 | Build | Palisade Wall |
| 10:07 | Create | Villager (Male) |
| 10:10 | Build | Farm |
| 10:11 | Build | Farm |
| 10:12 | Create | Scout Cavalry |
| 10:12 | Create | Scout Cavalry |
| 10:12 | Create | Scout Cavalry |
| 10:12 | Create | Scout Cavalry |
| 10:20 | Build | House |
| 10:34 | Create | Villager (Male) |
| 10:44 | Create | Scout Cavalry |
| 11:01 | Build | Blacksmith |
| 11:11 | Build | Farm |
| 11:16 | Create | Scout Cavalry |
| 11:31 | Create | Villager (Male) |
| 11:37 | Build | Farm |
| 11:50 | Build | Palisade Wall |
| 11:57 | Create | Scout Cavalry |
| 11:57 | Create | Scout Cavalry |
| 11:59 | Create | Villager (Male) |
| 12:23 | Create | Scout Cavalry |
| 12:28 | Build | House |
| 12:36 | Create | Villager (Male) |
| 12:38 | Build | Farm |
| 12:44 | Create | Scout Cavalry |
| 13:15 | Create | Scout Cavalry |
| 13:15 | Create | Scout Cavalry |
| 13:15 | Create | Scout Cavalry |
| 13:15 | Create | Scout Cavalry |
| 13:15 | Create | Scout Cavalry |
| 13:15 | Create | Scout Cavalry |
| 13:22 | Create | Villager (Male) |
| 13:24 | Build | House |
| 13:25 | Create | Villager (Male) |
| 13:27 | Build | Farm |
| 13:28 | Build | Farm |
| 13:33 | Create | Villager (Male) |
| 13:38 | Build | Lumber Camp |
| 13:42 | Build | House |
| 13:55 | Build | Farm |
| 14:14 | Research | Scale Barding Armor |
| 14:20 | Build | Palisade Wall |
| 14:22 | Build | Farm |
| 14:33 | Build | Farm |
| 14:44 | Build | Palisade Wall |
| 14:45 | Build | Palisade Wall |
| 14:55 | Create | Scout Cavalry |
| 14:55 | Create | Scout Cavalry |
| 14:59 | Build | Farm |
| 15:01 | Build | Farm |
| 15:11 | Create | Scout Cavalry |
| 15:11 | Create | Scout Cavalry |
| 15:11 | Create | Scout Cavalry |
| 15:14 | Build | Farm |
| 15:14 | Build | Farm |
| 15:27 | Create | Villager (Male) |
| 15:36 | Build | House |
| 15:41 | Build | Palisade Wall |
| 15:42 | Build | Palisade Wall |
| 15:50 | Create | Villager (Male) |
| 15:56 | Create | Scout Cavalry |
| 15:59 | Create | Villager (Male) |
| 16:03 | Build | Farm |
| 16:04 | Create | Villager (Male) |
| 16:23 | Create | Scout Cavalry |
| 16:28 | Build | Mining Camp |
| 16:44 | Create | Scout Cavalry |
| 16:59 | Build | Stable |
| 17:05 | Create | Scout Cavalry |
| 17:07 | Create | Villager (Male) |
| 17:07 | Create | Villager (Male) |
| 17:11 | Build | Palisade Gate |
| 17:24 | Create | Scout Cavalry |
| 17:40 | Create | Villager (Male) |
| 17:41 | Create | Villager (Male) |
| 17:44 | Build | Farm |
| 18:11 | Research | Forging |
| 18:12 | Research | Forging |
| 18:20 | Build | Mining Camp |
| 18:26 | Create | Villager (Male) |
| 18:31 | Build | Lumber Camp |
| 18:33 | Build | House |
| 18:34 | Build | House |
| 18:40 | Create | Villager (Male) |
| 18:46 | Build | House |
| 18:48 | Build | House |
| 19:04 | Create | Scout Cavalry |
| 19:04 | Create | Scout Cavalry |
| 19:16 | Create | Villager (Male) |
| 19:40 | Build | House |
| 19:41 | Build | House |
| 19:42 | Create | Villager (Male) |
| 19:46 | Build | Farm |
| 19:47 | Build | Farm |
| 19:48 | Build | Farm |
| 19:49 | Build | Farm |
| 19:56 | Create | Scout Cavalry |
| 19:58 | Create | Villager (Male) |
| 20:04 | Build | Farm |
| 20:05 | Build | Farm |
| 20:06 | Create | Villager (Male) |
| 20:15 | Build | House |
Build order — GdR_ObiWan
First 150 of 265 actions detected
| 0:02 | Create | Villager (Male) |
| 0:02 | Create | Villager (Male) |
| 0:02 | Create | Villager (Male) |
| 0:05 | Build | House |
| 0:07 | Build | House |
| 0:09 | Create | Villager (Male) |
| 0:17 | Create | Villager (Male) |
| 0:17 | Create | Villager (Male) |
| 1:22 | Create | Villager (Male) |
| 1:41 | Build | Lumber Camp |
| 2:07 | Create | Villager (Male) |
| 2:07 | Create | Villager (Male) |
| 2:16 | Create | Villager (Male) |
| 2:16 | Create | Villager (Male) |
| 2:52 | Create | Villager (Male) |
| 2:52 | Create | Villager (Male) |
| 3:09 | Create | Villager (Male) |
| 3:09 | Create | Villager (Male) |
| 3:35 | Create | Villager (Male) |
| 3:37 | Build | House |
| 4:07 | Build | Mill |
| 4:17 | Create | Villager (Male) |
| 4:21 | Create | Villager (Male) |
| 5:10 | Create | Villager (Male) |
| 5:14 | Create | Villager (Male) |
| 5:14 | Create | Villager (Male) |
| 5:38 | Create | Villager (Male) |
| 6:26 | Research | Loom |
| 6:51 | Research | Feudal Age |
| 7:49 | Build | Barracks |
| 8:14 | Build | Farm |
| 8:26 | Build | Farm |
| 8:45 | Build | House |
| 8:54 | Age | Feudal Age |
| 8:59 | Build | Stable |
| 9:01 | Create | Villager (Male) |
| 9:04 | Research | Double-Bit Axe |
| 9:22 | Create | Villager (Male) |
| 9:39 | Build | House |
| 9:41 | Create | Villager (Male) |
| 9:42 | Build | Farm |
| 9:45 | Research | Horse Collar |
| 10:06 | Build | House |
| 10:06 | Create | Villager (Male) |
| 10:10 | Create | Scout Cavalry |
| 10:10 | Create | Scout Cavalry |
| 10:28 | Create | Villager (Male) |
| 10:31 | Build | Farm |
| 10:38 | Create | Scout Cavalry |
| 10:41 | Build | Farm |
| 10:43 | Build | Farm |
| 10:46 | Build | Farm |
| 10:57 | Create | Villager (Male) |
| 11:22 | Create | Scout Cavalry |
| 11:32 | Build | Farm |
| 11:51 | Create | Villager (Male) |
| 12:02 | Create | Villager (Male) |
| 12:07 | Create | Villager (Male) |
| 12:09 | Build | Farm |
| 12:31 | Create | Villager (Male) |
| 12:37 | Build | House |
| 12:44 | Build | Palisade Wall |
| 12:50 | Create | Villager (Male) |
| 13:29 | Create | Scout Cavalry |
| 13:30 | Create | Villager (Male) |
| 13:41 | Create | Scout Cavalry |
| 13:55 | Build | House |
| 13:59 | Build | Palisade Wall |
| 14:01 | Create | Scout Cavalry |
| 14:07 | Create | Villager (Male) |
| 14:13 | Build | Mining Camp |
| 14:22 | Create | Villager (Male) |
| 14:25 | Build | Farm |
| 14:27 | Research | Horse Collar |
| 14:28 | Create | Scout Cavalry |
| 14:33 | Create | Villager (Male) |
| 15:31 | Create | Scout Cavalry |
| 15:32 | Create | Villager (Male) |
| 15:34 | Build | House |
| 15:36 | Build | House |
| 15:36 | Create | Villager (Male) |
| 15:40 | Build | Farm |
| 15:41 | Build | Farm |
| 15:42 | Build | Farm |
| 15:43 | Build | Farm |
| 15:54 | Create | Scout Cavalry |
| 15:55 | Create | Villager (Male) |
| 15:58 | Build | Farm |
| 15:59 | Build | Farm |
| 15:59 | Build | Farm |
| 16:00 | Build | Farm |
| 16:02 | Build | Farm |
| 16:02 | Build | Farm |
| 16:03 | Create | Villager (Male) |
| 16:19 | Create | Scout Cavalry |
| 16:36 | Create | Villager (Male) |
| 16:42 | Build | Farm |
| 16:42 | Build | Farm |
| 16:51 | Build | Palisade Wall |
| 16:54 | Build | Palisade Wall |
| 16:55 | Build | Palisade Wall |
| 16:59 | Build | Palisade Wall |
| 17:04 | Build | Palisade Wall |
| 17:04 | Create | Villager (Male) |
| 17:10 | Build | Lumber Camp |
| 17:12 | Create | Villager (Male) |
| 17:21 | Create | Scout Cavalry |
| 17:24 | Create | Villager (Male) |
| 17:35 | Create | Villager (Male) |
| 17:46 | Build | Farm |
| 17:48 | Build | Farm |
| 18:07 | Build | Farm |
| 18:08 | Create | Villager (Male) |
| 18:19 | Create | Scout Cavalry |
| 18:32 | Create | Villager (Male) |
| 18:47 | Build | Farm |
| 18:48 | Create | Scout Cavalry |
| 18:51 | Create | Villager (Male) |
| 19:10 | Create | Villager (Male) |
| 19:14 | Build | House |
| 19:18 | Create | Villager (Male) |
| 19:44 | Create | Villager (Male) |
| 19:51 | Build | Farm |
| 20:12 | Create | Villager (Male) |
| 20:23 | Build | Blacksmith |
| 20:29 | Create | Villager (Male) |
| 20:52 | Create | Villager (Male) |
| 20:55 | Build | House |
| 21:04 | Build | Stable |
| 21:07 | Research | Castle Age |
| 21:08 | Research | Castle Age |
| 21:21 | Research | Bloodlines |
| 21:21 | Research | Bloodlines |
| 21:37 | Build | House |
| 21:41 | Build | Lumber Camp |
| 21:47 | Research | Scale Barding Armor |
| 21:47 | Research | Scale Barding Armor |
| 21:58 | Build | Farm |
| 22:05 | Build | Farm |
| 22:10 | Build | Farm |
| 22:15 | Build | House |
| 23:11 | Build | Farm |
| 23:40 | Age | Castle Age |
| 23:45 | Create | Villager (Male) |
| 23:46 | Create | Villager (Male) |
| 23:57 | Build | Town Center |
| 24:00 | Create | Villager (Male) |
| 24:09 | Research | Chain Barding Armor |
| 24:10 | Create | Knight |
| 24:11 | Create | Knight |
Build order — Monsoon Neutralizer
First 150 of 257 actions detected
| 0:03 | Create | Villager (Male) |
| 0:03 | Create | Villager (Male) |
| 0:04 | Build | House |
| 0:06 | Build | House |
| 0:27 | Create | Villager (Male) |
| 0:32 | Create | Villager (Male) |
| 0:33 | Create | Villager (Male) |
| 1:31 | Create | Villager (Male) |
| 1:31 | Create | Villager (Male) |
| 1:39 | Build | Lumber Camp |
| 2:03 | Create | Villager (Male) |
| 2:03 | Create | Villager (Male) |
| 2:32 | Create | Villager (Male) |
| 2:32 | Create | Villager (Male) |
| 2:57 | Create | Villager (Male) |
| 2:57 | Create | Villager (Male) |
| 3:07 | Create | Villager (Male) |
| 3:08 | Create | Villager (Male) |
| 3:17 | Build | House |
| 3:40 | Create | Villager (Male) |
| 3:41 | Create | Villager (Male) |
| 4:01 | Create | Villager (Male) |
| 4:01 | Create | Villager (Male) |
| 4:31 | Create | Villager (Male) |
| 4:31 | Create | Villager (Male) |
| 4:32 | Create | Villager (Male) |
| 4:46 | Build | Mining Camp |
| 5:00 | Build | Palisade Wall |
| 5:02 | Build | Palisade Wall |
| 5:11 | Research | Loom |
| 5:11 | Research | Loom |
| 5:29 | Create | Villager (Male) |
| 5:55 | Build | Palisade Wall |
| 5:57 | Build | Palisade Wall |
| 5:59 | Build | Palisade Wall |
| 6:29 | Create | Villager (Male) |
| 7:04 | Research | Feudal Age |
| 8:06 | Create | Villager (Male) |
| 8:27 | Create | Villager (Male) |
| 8:33 | Build | Barracks |
| 8:53 | Build | House |
| 9:14 | Age | Feudal Age |
| 9:30 | Build | Archery Range |
| 9:37 | Build | Archery Range |
| 9:41 | Create | Villager (Male) |
| 9:45 | Create | Villager (Male) |
| 10:29 | Build | Blacksmith |
| 10:34 | Create | Archer |
| 10:35 | Create | Archer |
| 10:43 | Create | Villager (Male) |
| 10:49 | Create | Archer |
| 11:06 | Build | Mill |
| 11:30 | Create | Archer |
| 11:32 | Build | House |
| 11:39 | Build | House |
| 11:51 | Research | Fletching |
| 11:51 | Research | Fletching |
| 11:54 | Create | Archer |
| 11:54 | Create | Archer |
| 12:06 | Create | Archer |
| 12:07 | Create | Archer |
| 12:31 | Create | Archer |
| 12:31 | Create | Archer |
| 12:36 | Research | Padded Archer Armor |
| 12:37 | Build | House |
| 13:19 | Create | Archer |
| 13:19 | Create | Archer |
| 13:26 | Create | Archer |
| 13:28 | Create | Villager (Male) |
| 13:28 | Create | Villager (Male) |
| 13:55 | Create | Villager (Male) |
| 13:59 | Build | House |
| 14:00 | Build | House |
| 14:05 | Create | Archer |
| 14:06 | Create | Archer |
| 14:28 | Create | Archer |
| 14:28 | Create | Archer |
| 14:38 | Create | Villager (Male) |
| 15:18 | Create | Archer |
| 15:19 | Create | Archer |
| 15:20 | Create | Villager (Male) |
| 15:20 | Create | Villager (Male) |
| 15:25 | Build | Farm |
| 15:27 | Create | Villager (Male) |
| 15:32 | Build | Archery Range |
| 15:39 | Create | Archer |
| 15:39 | Create | Archer |
| 16:20 | Create | Villager (Male) |
| 16:25 | Build | House |
| 16:29 | Create | Archer |
| 16:31 | Create | Archer |
| 16:33 | Create | Archer |
| 16:40 | Build | House |
| 16:43 | Create | Villager (Male) |
| 16:43 | Create | Villager (Male) |
| 16:46 | Build | Farm |
| 16:55 | Research | Double-Bit Axe |
| 16:55 | Research | Double-Bit Axe |
| 17:04 | Create | Archer |
| 17:04 | Create | Archer |
| 17:05 | Create | Archer |
| 17:18 | Build | House |
| 17:21 | Create | Villager (Male) |
| 17:21 | Create | Villager (Male) |
| 17:24 | Create | Archer |
| 17:24 | Create | Archer |
| 17:51 | Build | Mining Camp |
| 17:55 | Create | Villager (Male) |
| 17:55 | Create | Villager (Male) |
| 18:31 | Create | Spearman |
| 18:33 | Create | Villager (Male) |
| 18:43 | Create | Archer |
| 18:43 | Create | Archer |
| 18:44 | Create | Archer |
| 18:44 | Create | Archer |
| 19:33 | Create | Archer |
| 19:33 | Create | Archer |
| 19:33 | Create | Archer |
| 19:33 | Create | Archer |
| 19:37 | Create | Villager (Male) |
| 19:37 | Create | Villager (Male) |
| 19:37 | Create | Villager (Male) |
| 19:42 | Create | Archer |
| 20:04 | Build | Lumber Camp |
| 20:07 | Create | Archer |
| 20:07 | Create | Archer |
| 20:15 | Create | Villager (Male) |
| 21:14 | Create | Archer |
| 21:14 | Create | Archer |
| 21:14 | Create | Archer |
| 21:14 | Create | Archer |
| 21:14 | Create | Archer |
| 21:17 | Create | Villager (Male) |
| 21:23 | Build | Mining Camp |
| 21:28 | Create | Villager (Male) |
| 21:31 | Build | Archery Range |
| 21:43 | Create | Villager (Male) |
| 21:44 | Build | Farm |
| 21:45 | Create | Villager (Male) |
| 21:45 | Create | Villager (Male) |
| 22:11 | Build | House |
| 22:20 | Research | Town Watch |
| 22:20 | Research | Town Watch |
| 22:23 | Build | House |
| 22:34 | Create | Villager (Male) |
| 22:38 | Build | Farm |
| 22:38 | Build | Farm |
| 22:39 | Build | Farm |
| 22:39 | Build | Farm |
| 22:39 | Build | Farm |
Build order — GdR_Mark_Landers
First 150 of 189 actions detected
| 0:02 | Create | Villager (Male) |
| 0:02 | Create | Villager (Male) |
| 0:02 | Create | Villager (Male) |
| 0:03 | Build | House |
| 0:04 | Build | House |
| 1:02 | Create | Villager (Male) |
| 1:30 | Create | Villager (Male) |
| 2:02 | Create | Villager (Male) |
| 2:10 | Build | Lumber Camp |
| 2:16 | Create | Villager (Male) |
| 2:45 | Create | Villager (Male) |
| 3:01 | Create | Villager (Male) |
| 3:17 | Create | Villager (Male) |
| 3:41 | Create | Villager (Male) |
| 3:53 | Build | House |
| 4:08 | Create | Villager (Male) |
| 4:12 | Build | Palisade Wall |
| 4:13 | Build | Palisade Wall |
| 4:15 | Build | Palisade Wall |
| 4:24 | Create | Villager (Male) |
| 4:35 | Create | Villager (Male) |
| 4:49 | Build | Mining Camp |
| 4:54 | Create | Villager (Male) |
| 5:29 | Research | Loom |
| 5:46 | Build | Palisade Wall |
| 5:48 | Build | Palisade Wall |
| 6:18 | Research | Feudal Age |
| 6:18 | Research | Feudal Age |
| 7:13 | Build | Barracks |
| 7:54 | Create | Villager (Male) |
| 8:11 | Build | House |
| 8:19 | Build | Palisade Wall |
| 8:28 | Age | Feudal Age |
| 8:35 | Build | Archery Range |
| 8:39 | Create | Villager (Male) |
| 9:02 | Build | Archery Range |
| 9:10 | Create | Villager (Male) |
| 9:29 | Create | Archer |
| 9:34 | Build | House |
| 9:35 | Create | Villager (Male) |
| 9:49 | Create | Villager (Male) |
| 9:52 | Build | Mill |
| 9:59 | Create | Archer |
| 10:09 | Create | Archer |
| 10:18 | Create | Villager (Male) |
| 10:43 | Create | Archer |
| 10:50 | Build | Blacksmith |
| 11:02 | Create | Villager (Male) |
| 11:16 | Create | Archer |
| 11:16 | Create | Archer |
| 11:20 | Build | House |
| 11:36 | Create | Archer |
| 11:37 | Create | Villager (Male) |
| 11:50 | Build | Farm |
| 11:57 | Build | House |
| 12:09 | Create | Archer |
| 12:11 | Create | Villager (Male) |
| 12:16 | Build | Farm |
| 12:20 | Build | Farm |
| 12:33 | Create | Archer |
| 12:55 | Research | Fletching |
| 13:32 | Create | Villager (Male) |
| 13:38 | Build | Palisade Wall |
| 13:41 | Create | Archer |
| 13:45 | Build | Palisade Wall |
| 13:45 | Build | House |
| 13:54 | Create | Archer |
| 13:55 | Create | Archer |
| 14:00 | Create | Villager (Male) |
| 14:04 | Create | Villager (Male) |
| 14:12 | Build | House |
| 14:14 | Build | Palisade Wall |
| 14:16 | Build | Palisade Wall |
| 14:18 | Build | Palisade Wall |
| 14:21 | Build | Palisade Wall |
| 14:22 | Build | Palisade Wall |
| 14:24 | Build | Palisade Wall |
| 14:27 | Build | Palisade Wall |
| 14:31 | Create | Villager (Male) |
| 15:03 | Create | Villager (Male) |
| 16:06 | Build | Watch Tower |
| 16:31 | Create | Archer |
| 16:31 | Create | Archer |
| 16:49 | Build | Lumber Camp |
| 16:57 | Build | Market |
| 17:13 | Create | Archer |
| 17:13 | Create | Archer |
| 17:41 | Create | Archer |
| 17:49 | Create | Villager (Male) |
| 17:50 | Create | Archer |
| 18:01 | Create | Archer |
| 18:03 | Create | Villager (Male) |
| 18:25 | Create | Villager (Male) |
| 18:32 | Create | Archer |
| 18:40 | Build | House |
| 18:44 | Create | Archer |
| 18:58 | Create | Villager (Male) |
| 19:11 | Build | House |
| 19:14 | Create | Archer |
| 19:27 | Create | Archer |
| 19:29 | Create | Villager (Male) |
| 19:34 | Build | Mining Camp |
| 19:52 | Create | Villager (Male) |
| 20:24 | Create | Villager (Male) |
| 20:38 | Create | Archer |
| 20:50 | Create | Villager (Male) |
| 21:19 | Create | Villager (Male) |
| 21:26 | Create | Villager (Male) |
| 21:28 | Build | Farm |
| 21:28 | Build | Farm |
| 21:29 | Build | Farm |
| 21:47 | Build | Farm |
| 21:52 | Build | House |
| 21:54 | Build | House |
| 21:58 | Build | House |
| 22:15 | Build | Watch Tower |
| 22:20 | Create | Villager (Male) |
| 22:22 | Build | Farm |
| 22:38 | Create | Villager (Male) |
| 23:11 | Create | Villager (Male) |
| 23:15 | Research | Double-Bit Axe |
| 23:17 | Build | Farm |
| 23:36 | Create | Villager (Male) |
| 24:08 | Create | Villager (Male) |
| 24:21 | Create | Villager (Male) |
| 24:43 | Build | Mill |
| 24:44 | Build | Farm |
| 24:44 | Build | Farm |
| 24:45 | Build | Farm |
| 24:45 | Build | Farm |
| 24:52 | Build | Farm |
| 24:53 | Build | Farm |
| 25:02 | Create | Villager (Male) |
| 25:10 | Build | Mining Camp |
| 25:22 | Research | Horse Collar |
| 25:25 | Create | Villager (Male) |
| 25:38 | Create | Villager (Male) |
| 25:51 | Create | Villager (Male) |
| 26:59 | Create | Villager (Male) |
| 27:37 | Research | Castle Age |
| 28:02 | Build | Archery Range |
| 28:31 | Create | Villager (Male) |
| 29:14 | Build | Archery Range |
| 29:52 | Create | Archer |
| 29:55 | Create | Villager (Male) |
| 30:17 | Age | Castle Age |
| 30:45 | Research | Crossbowman (upgrade) |
| 30:48 | Research | Bodkin Arrow |
| 30:50 | Create | Archer |
| 30:50 | Create | Archer |
Build order — Chris Becker
First 150 of 301 actions detected
| 0:01 | Create | Villager (Male) |
| 0:02 | Create | Villager (Male) |
| 0:02 | Create | Villager (Male) |
| 0:04 | Build | House |
| 0:07 | Build | House |
| 0:18 | Create | Villager (Male) |
| 0:18 | Create | Villager (Male) |
| 1:34 | Create | Villager (Male) |
| 1:35 | Create | Villager (Male) |
| 2:13 | Create | Villager (Male) |
| 2:13 | Create | Villager (Male) |
| 2:16 | Build | Mill |
| 2:29 | Create | Villager (Male) |
| 2:29 | Create | Villager (Male) |
| 3:03 | Create | Villager (Male) |
| 3:23 | Create | Villager (Male) |
| 3:29 | Create | Villager (Male) |
| 4:04 | Build | House |
| 4:09 | Create | Villager (Male) |
| 4:46 | Create | Villager (Male) |
| 4:51 | Create | Villager (Male) |
| 5:19 | Create | Villager (Male) |
| 5:56 | Create | Villager (Male) |
| 5:59 | Research | Loom |
| 6:36 | Build | Lumber Camp |
| 6:44 | Create | Villager (Male) |
| 7:08 | Research | Feudal Age |
| 7:08 | Research | Feudal Age |
| 8:31 | Build | House |
| 8:57 | Build | Barracks |
| 9:26 | Age | Feudal Age |
| 9:29 | Create | Villager (Male) |
| 9:37 | Build | Stable |
| 9:44 | Create | Villager (Male) |
| 10:03 | Create | Villager (Male) |
| 10:05 | Build | Mill |
| 10:23 | Build | House |
| 10:25 | Create | Scout Cavalry |
| 10:25 | Create | Scout Cavalry |
| 10:25 | Create | Scout Cavalry |
| 10:40 | Create | Villager (Male) |
| 10:45 | Build | Palisade Wall |
| 10:50 | Create | Villager (Male) |
| 10:54 | Build | House |
| 11:04 | Build | Palisade Wall |
| 11:12 | Build | Farm |
| 11:22 | Build | House |
| 11:25 | Create | Villager (Male) |
| 11:29 | Create | Scout Cavalry |
| 11:39 | Build | Palisade Wall |
| 11:43 | Build | Farm |
| 11:50 | Create | Scout Cavalry |
| 12:03 | Build | Farm |
| 12:10 | Build | House |
| 12:15 | Create | Villager (Male) |
| 12:20 | Create | Villager (Male) |
| 12:32 | Create | Scout Cavalry |
| 12:46 | Build | Palisade Wall |
| 12:48 | Create | Villager (Male) |
| 12:50 | Build | Farm |
| 12:54 | Create | Scout Cavalry |
| 13:08 | Create | Villager (Male) |
| 13:20 | Create | Villager (Male) |
| 13:20 | Create | Villager (Male) |
| 13:29 | Build | Farm |
| 13:35 | Create | Villager (Male) |
| 13:50 | Build | Palisade Wall |
| 13:53 | Build | Farm |
| 13:56 | Create | Scout Cavalry |
| 13:59 | Build | Farm |
| 14:01 | Build | Farm |
| 14:06 | Create | Villager (Male) |
| 14:33 | Create | Scout Cavalry |
| 14:33 | Create | Scout Cavalry |
| 14:33 | Create | Scout Cavalry |
| 14:53 | Create | Scout Cavalry |
| 14:54 | Create | Villager (Male) |
| 15:17 | Build | Farm |
| 15:19 | Build | Farm |
| 15:23 | Create | Scout Cavalry |
| 15:45 | Create | Villager (Male) |
| 15:46 | Create | Scout Cavalry |
| 15:56 | Create | Scout Cavalry |
| 15:59 | Create | Villager (Male) |
| 16:06 | Create | Villager (Male) |
| 16:07 | Create | Scout Cavalry |
| 16:08 | Create | Scout Cavalry |
| 16:43 | Create | Villager (Male) |
| 16:45 | Build | Farm |
| 16:46 | Build | Farm |
| 16:52 | Build | Farm |
| 16:54 | Build | Farm |
| 16:55 | Build | Farm |
| 16:56 | Build | Farm |
| 17:00 | Build | Lumber Camp |
| 17:38 | Create | Scout Cavalry |
| 17:43 | Create | Villager (Male) |
| 17:44 | Build | Farm |
| 17:51 | Build | Mining Camp |
| 18:04 | Build | House |
| 18:05 | Build | House |
| 18:16 | Build | Farm |
| 18:22 | Create | Scout Cavalry |
| 18:24 | Create | Villager (Male) |
| 18:28 | Build | House |
| 18:29 | Build | House |
| 18:40 | Research | Double-Bit Axe |
| 18:48 | Create | Scout Cavalry |
| 19:16 | Build | Blacksmith |
| 19:18 | Create | Villager (Male) |
| 19:23 | Build | Farm |
| 19:30 | Create | Scout Cavalry |
| 19:56 | Create | Scout Cavalry |
| 19:57 | Create | Villager (Male) |
| 20:03 | Create | Villager (Male) |
| 20:08 | Build | House |
| 20:23 | Build | Farm |
| 20:27 | Build | Lumber Camp |
| 20:34 | Create | Scout Cavalry |
| 20:49 | Create | Villager (Male) |
| 21:02 | Build | Farm |
| 21:06 | Build | Farm |
| 21:13 | Build | House |
| 21:21 | Create | Scout Cavalry |
| 21:22 | Create | Villager (Male) |
| 21:24 | Build | Farm |
| 21:33 | Build | Palisade Wall |
| 21:49 | Create | Villager (Male) |
| 21:51 | Build | Farm |
| 22:04 | Build | House |
| 22:05 | Build | House |
| 22:20 | Build | Stable |
| 22:23 | Research | Castle Age |
| 22:40 | Build | Palisade Wall |
| 22:43 | Research | Scale Barding Armor |
| 23:13 | Research | Bloodlines |
| 23:27 | Create | Scout Cavalry |
| 23:27 | Create | Scout Cavalry |
| 23:30 | Research | Horse Collar |
| 23:47 | Research | Gold Mining |
| 24:10 | Create | Scout Cavalry |
| 24:11 | Create | Scout Cavalry |
| 24:11 | Create | Scout Cavalry |
| 24:29 | Create | Scout Cavalry |
| 24:29 | Create | Scout Cavalry |
| 24:29 | Create | Scout Cavalry |
| 24:29 | Create | Scout Cavalry |
| 24:30 | Create | Villager (Male) |
| 24:31 | Create | Villager (Male) |
| 24:43 | Build | House |
Build order — ITA | Monesi28
First 150 of 399 actions detected
| 0:01 | Create | Villager (Male) |
| 0:01 | Create | Villager (Male) |
| 0:01 | Create | Villager (Male) |
| 0:02 | Create | Villager (Male) |
| 0:02 | Create | Villager (Male) |
| 0:02 | Create | Villager (Male) |
| 0:03 | Build | House |
| 0:04 | Build | House |
| 1:26 | Create | Villager (Male) |
| 1:26 | Create | Villager (Male) |
| 1:26 | Create | Villager (Male) |
| 1:49 | Create | Villager (Male) |
| 1:49 | Create | Villager (Male) |
| 2:22 | Create | Villager (Male) |
| 2:22 | Create | Villager (Male) |
| 2:22 | Create | Villager (Male) |
| 2:37 | Build | Lumber Camp |
| 2:47 | Create | Villager (Male) |
| 2:47 | Create | Villager (Male) |
| 2:48 | Create | Villager (Male) |
| 2:54 | Create | Villager (Male) |
| 2:54 | Create | Villager (Male) |
| 3:25 | Create | Villager (Male) |
| 3:25 | Create | Villager (Male) |
| 3:25 | Create | Villager (Male) |
| 3:27 | Build | House |
| 3:56 | Create | Villager (Male) |
| 3:56 | Create | Villager (Male) |
| 3:56 | Create | Villager (Male) |
| 4:40 | Create | Villager (Male) |
| 5:12 | Create | Villager (Male) |
| 5:12 | Create | Villager (Male) |
| 5:13 | Create | Villager (Male) |
| 5:13 | Create | Villager (Male) |
| 5:13 | Create | Villager (Male) |
| 5:29 | Create | Villager (Male) |
| 5:36 | Build | Mining Camp |
| 5:38 | Create | Villager (Male) |
| 6:04 | Research | Loom |
| 8:06 | Research | Feudal Age |
| 8:20 | Build | Barracks |
| 8:36 | Build | Barracks |
| 8:46 | Build | House |
| 8:47 | Build | Palisade Wall |
| 8:48 | Build | Palisade Wall |
| 8:50 | Build | Palisade Wall |
| 8:51 | Build | Palisade Wall |
| 10:11 | Create | Villager (Male) |
| 10:16 | Age | Feudal Age |
| 10:25 | Build | Archery Range |
| 10:26 | Create | Villager (Male) |
| 10:29 | Build | Archery Range |
| 10:30 | Create | Villager (Male) |
| 10:39 | Create | Villager (Male) |
| 10:47 | Build | Mill |
| 10:49 | Create | Villager (Male) |
| 10:54 | Create | Spearman |
| 11:19 | Build | House |
| 11:30 | Create | Archer |
| 11:31 | Create | Archer |
| 11:38 | Build | House |
| 11:41 | Create | Villager (Male) |
| 11:45 | Create | Archer |
| 11:45 | Create | Archer |
| 11:49 | Build | Blacksmith |
| 11:52 | Build | Palisade Wall |
| 11:53 | Create | Villager (Male) |
| 12:05 | Create | Archer |
| 12:05 | Create | Archer |
| 12:07 | Create | Archer |
| 12:08 | Create | Archer |
| 12:13 | Build | Mill |
| 12:15 | Build | Farm |
| 12:27 | Create | Archer |
| 12:36 | Build | Farm |
| 12:36 | Create | Villager (Male) |
| 12:47 | Create | Archer |
| 12:47 | Create | Archer |
| 13:05 | Create | Archer |
| 13:05 | Create | Archer |
| 13:19 | Build | Farm |
| 13:29 | Create | Villager (Male) |
| 13:32 | Create | Archer |
| 13:32 | Create | Archer |
| 13:38 | Build | Farm |
| 13:43 | Build | House |
| 13:44 | Build | House |
| 13:56 | Research | Fletching |
| 13:57 | Create | Archer |
| 13:57 | Create | Archer |
| 13:58 | Create | Villager (Male) |
| 14:03 | Build | House |
| 14:11 | Create | Archer |
| 14:18 | Create | Villager (Male) |
| 14:36 | Build | Farm |
| 14:39 | Create | Archer |
| 14:39 | Create | Archer |
| 14:41 | Create | Villager (Male) |
| 14:54 | Create | Archer |
| 14:54 | Create | Archer |
| 15:13 | Create | Archer |
| 15:13 | Create | Archer |
| 15:17 | Build | Farm |
| 15:19 | Create | Villager (Male) |
| 15:27 | Build | House |
| 15:30 | Create | Archer |
| 15:36 | Create | Archer |
| 15:51 | Build | House |
| 15:58 | Create | Villager (Male) |
| 16:03 | Build | Palisade Wall |
| 16:05 | Create | Archer |
| 16:06 | Create | Archer |
| 16:07 | Create | Villager (Male) |
| 16:14 | Build | Farm |
| 16:25 | Create | Archer |
| 16:31 | Build | Palisade Wall |
| 16:32 | Build | Palisade Wall |
| 16:33 | Create | Villager (Male) |
| 16:35 | Create | Archer |
| 16:42 | Build | Farm |
| 16:43 | Create | Villager (Male) |
| 16:47 | Create | Spearman |
| 16:50 | Build | House |
| 16:53 | Create | Archer |
| 16:53 | Create | Archer |
| 16:58 | Build | Palisade Wall |
| 17:00 | Create | Archer |
| 17:00 | Create | Archer |
| 17:02 | Create | Villager (Male) |
| 17:13 | Create | Archer |
| 17:14 | Create | Archer |
| 17:14 | Create | Villager (Male) |
| 17:17 | Build | Palisade Wall |
| 17:27 | Build | Farm |
| 17:28 | Create | Villager (Male) |
| 17:39 | Build | Palisade Wall |
| 17:43 | Create | Villager (Male) |
| 17:46 | Create | Archer |
| 17:46 | Create | Archer |
| 18:00 | Create | Archer |
| 18:00 | Create | Archer |
| 18:10 | Build | Palisade Wall |
| 18:10 | Build | Palisade Wall |
| 18:10 | Build | Palisade Wall |
| 18:10 | Build | Palisade Wall |
| 18:11 | Build | Palisade Wall |
| 18:19 | Build | Farm |
| 18:25 | Build | Palisade Wall |
| 18:33 | Create | Archer |
| 18:33 | Create | Archer |
Match timeline
| 4:12 | GdR_Mark_Landers · wall_segment Palisade Wall x1 |
| 4:13 | GdR_Mark_Landers · wall_segment Palisade Wall x1 |
| 4:15 | GdR_Mark_Landers · wall_segment Palisade Wall x1 |
| 5:00 | Monsoon Neutralizer · wall_segment Palisade Wall x1 |
| 5:02 | Monsoon Neutralizer · wall_segment Palisade Wall x1 |
| 5:46 | GdR_Mark_Landers · wall_segment Palisade Wall x1 |
| 5:48 | GdR_Mark_Landers · wall_segment Palisade Wall x1 |
| 5:55 | Monsoon Neutralizer · wall_segment Palisade Wall x1 |
| 5:57 | Monsoon Neutralizer · wall_segment Palisade Wall x1 |
| 5:59 | Monsoon Neutralizer · wall_segment Palisade Wall x1 |
| 7:13 | GdR_Mark_Landers · first_building Barracks |
| 7:49 | GdR_ObiWan · first_building Barracks |
| 7:56 | 280465815tony · first_building Barracks |
| 8:19 | My_Name_Is_Mimmox · first_building Barracks |
| 8:19 | GdR_Mark_Landers · wall_segment Palisade Wall x1 |
| 8:20 | ITA | Monesi28 · first_building Barracks |
| 8:28 | GdR_Mark_Landers · age_up feudal |
| 8:33 | Monsoon Neutralizer · first_building Barracks |
| 8:35 | GdR_Mark_Landers · first_building Archery Range |
| 8:44 | What's bro yappin about? · first_building Barracks |
| 8:47 | ITA | Monesi28 · wall_segment Palisade Wall x1 |
| 8:48 | ITA | Monesi28 · wall_segment Palisade Wall x1 |
| 8:50 | ITA | Monesi28 · wall_segment Palisade Wall x1 |
| 8:51 | ITA | Monesi28 · wall_segment Palisade Wall x1 |
| 8:54 | GdR_ObiWan · age_up feudal |
| 8:57 | Chris Becker · first_building Barracks |
| 8:59 | GdR_ObiWan · first_building Stable |
| 9:14 | Monsoon Neutralizer · age_up feudal |
| 9:26 | Chris Becker · age_up feudal |
| 9:26 | My_Name_Is_Mimmox · age_up feudal |
| 9:28 | My_Name_Is_Mimmox · first_building Stable |
| 9:29 | 280465815tony · age_up feudal |
| 9:30 | 280465815tony · first_building Archery Range |
| 9:30 | Monsoon Neutralizer · first_building Archery Range |
| 9:37 | Chris Becker · first_building Stable |
| 9:53 | What's bro yappin about? · age_up feudal |
| 9:55 | My_Name_Is_Mimmox · wall_segment Palisade Wall x2 |
| 9:55 | What's bro yappin about? · first_building Stable |
| 9:59 | My_Name_Is_Mimmox · wall_segment Palisade Wall x2 |
| 10:04 | My_Name_Is_Mimmox · wall_segment Palisade Wall x2 |
| 10:16 | ITA | Monesi28 · age_up feudal |
| 10:25 | ITA | Monesi28 · first_building Archery Range |
| 10:45 | Chris Becker · wall_segment Palisade Wall x1 |
| 10:47 | What's bro yappin about? · wall_segment Palisade Wall x7 |
| 10:50 | What's bro yappin about? · wall_segment Palisade Wall x16 |
| 11:04 | Chris Becker · wall_segment Palisade Wall x1 |
| 11:39 | Chris Becker · wall_segment Palisade Wall x6 |
| 11:41 | What's bro yappin about? · wall_segment Palisade Wall x15 |
| 11:50 | My_Name_Is_Mimmox · wall_segment Palisade Wall x15 |
| 11:52 | ITA | Monesi28 · wall_segment Palisade Wall x7 |
| 12:44 | GdR_ObiWan · wall_segment Palisade Wall x5 |
| 12:46 | Chris Becker · wall_segment Palisade Wall x23 |
| 13:38 | GdR_Mark_Landers · wall_segment Palisade Wall x1 |
| 13:45 | GdR_Mark_Landers · wall_segment Palisade Wall x1 |
| 13:46 | What's bro yappin about? · wall_segment Palisade Wall x12 |
| 13:50 | Chris Becker · wall_segment Palisade Wall x13 |
| 13:59 | GdR_ObiWan · wall_segment Palisade Wall x14 |
| 14:14 | GdR_Mark_Landers · wall_segment Palisade Wall x1 |
| 14:16 | GdR_Mark_Landers · wall_segment Palisade Wall x1 |
| 14:18 | GdR_Mark_Landers · wall_segment Palisade Wall x1 |
| 14:20 | My_Name_Is_Mimmox · wall_segment Palisade Wall x6 |
| 14:21 | GdR_Mark_Landers · wall_segment Palisade Wall x1 |
| 14:22 | GdR_Mark_Landers · wall_segment Palisade Wall x1 |
| 14:24 | GdR_Mark_Landers · wall_segment Palisade Wall x1 |
| 14:27 | GdR_Mark_Landers · wall_segment Palisade Wall x2 |
| 14:44 | My_Name_Is_Mimmox · wall_segment Palisade Wall x5 |
| 14:45 | My_Name_Is_Mimmox · wall_segment Palisade Wall x10 |
| 15:41 | My_Name_Is_Mimmox · wall_segment Palisade Wall x21 |
| 15:42 | My_Name_Is_Mimmox · wall_segment Palisade Wall x4 |
| 16:03 | ITA | Monesi28 · wall_segment Palisade Wall x10 |
| 16:31 | ITA | Monesi28 · wall_segment Palisade Wall x1 |
| 16:32 | ITA | Monesi28 · wall_segment Palisade Wall x1 |
| 16:51 | GdR_ObiWan · wall_segment Palisade Wall x6 |
| 16:54 | GdR_ObiWan · wall_segment Palisade Wall x1 |
| 16:55 | GdR_ObiWan · wall_segment Palisade Wall x1 |
| 16:58 | ITA | Monesi28 · wall_segment Palisade Wall x1 |
| 16:59 | GdR_ObiWan · wall_segment Palisade Wall x5 |
| 17:04 | GdR_ObiWan · wall_segment Palisade Wall x8 |
| 17:17 | ITA | Monesi28 · wall_segment Palisade Wall x5 |
| 17:39 | ITA | Monesi28 · wall_segment Palisade Wall x4 |
| 17:47 | GdR_Mark_Landers · first_market_sell 100 wood |
| 17:49 | GdR_Mark_Landers · first_market_buy 100 food |
| 18:10 | ITA | Monesi28 · wall_segment Palisade Wall x1 |
| 18:10 | ITA | Monesi28 · wall_segment Palisade Wall x1 |
| 18:10 | ITA | Monesi28 · wall_segment Palisade Wall x2 |
| 18:10 | ITA | Monesi28 · wall_segment Palisade Wall x1 |
| 18:11 | ITA | Monesi28 · wall_segment Palisade Wall x1 |
| 18:25 | ITA | Monesi28 · wall_segment Palisade Wall x1 |
| 18:55 | What's bro yappin about? · wall_segment Palisade Wall x1 |
| 21:04 | My_Name_Is_Mimmox · wall_segment Palisade Wall x11 |
| 21:06 | My_Name_Is_Mimmox · wall_segment Palisade Wall x7 |
| 21:26 | ITA | Monesi28 · first_market_buy 100 food |
| 21:33 | Chris Becker · wall_segment Palisade Wall x6 |
| 22:01 | ITA | Monesi28 · first_market_sell 100 wood |
| 22:35 | What's bro yappin about? · age_up castle |
| 22:40 | Chris Becker · wall_segment Palisade Wall x10 |
| 22:54 | 280465815tony · age_up castle |
| 23:40 | GdR_ObiWan · age_up castle |
| 24:00 | Monsoon Neutralizer · first_market_buy 100 food |
| 24:11 | What's bro yappin about? · wall_segment Stone Wall x1 |
| 24:32 | ITA | Monesi28 · wall_segment Palisade Wall x4 |
| 24:43 | What's bro yappin about? · wall_segment Stone Wall x1 |
| 24:58 | What's bro yappin about? · wall_segment Stone Wall x1 |
| 25:03 | Chris Becker · age_up castle |
| 25:55 | ITA | Monesi28 · age_up castle |
| 26:24 | ITA | Monesi28 · wall_segment Palisade Wall x1 |
| 26:25 | ITA | Monesi28 · wall_segment Palisade Wall x1 |
| 26:26 | GdR_ObiWan · first_market_sell 100 food |
| 26:31 | My_Name_Is_Mimmox · age_up castle |
| 26:42 | My_Name_Is_Mimmox · first_market_sell 100 stone |
| 26:57 | Monsoon Neutralizer · wall_segment Palisade Wall x1 |
| 27:14 | ITA | Monesi28 · first_building Siege Workshop |
| 27:27 | GdR_ObiWan · first_building Siege Workshop |
| 27:34 | Monsoon Neutralizer · age_up castle |
| 29:11 | Chris Becker · first_building Monastery |
| 29:42 | Monsoon Neutralizer · wall_segment Palisade Wall x1 |
| 30:17 | GdR_Mark_Landers · age_up castle |
| 31:54 | My_Name_Is_Mimmox · first_market_buy 100 food |
| 32:35 | 280465815tony · first_building Monastery |
| 32:40 | Monsoon Neutralizer · wall_segment Stone Wall x1 |
| 32:57 | Monsoon Neutralizer · wall_segment Palisade Wall x1 |
| 33:51 | ITA | Monesi28 · wall_segment Palisade Wall x8 |
| 34:23 | ITA | Monesi28 · wall_segment Palisade Wall x1 |
| 35:21 | What's bro yappin about? · wall_segment Stone Wall x1 |
| 35:44 | My_Name_Is_Mimmox · first_building Castle |
| 35:49 | What's bro yappin about? · wall_segment Stone Wall x1 |
| 36:12 | GdR_ObiWan · first_market_buy 100 food |
| 36:20 | ITA | Monesi28 · wall_segment Stone Wall x8 |
| 36:50 | ITA | Monesi28 · wall_segment Stone Wall x1 |
| 36:51 | 280465815tony · first_market_buy 100 stone |
| 37:01 | 280465815tony · first_building Castle |
| 37:31 | What's bro yappin about? · wall_segment Stone Wall x1 |
| 37:43 | GdR_ObiWan · first_building Castle |
| 37:46 | 280465815tony · first_market_sell 500 wood |
| 38:10 | GdR_Mark_Landers · resign |
| 38:32 | 280465815tony · age_up imperial |
[ AI ANALYSIS · 1 CREDIT ]
What really happened in this match?
Wolo.gg analyzes every decision: build order, eco, micro, common mistakes by bracket. Personalized analysis on WhatsApp or Discord in 30 seconds.
Civ guide
Sicilians
Perfil
Jugador #944821